 Dungeon Crawl Stone Soup version 0.29.1-14-g9c671dbff4 (webtiles) character file.

Game seed: 11927229341125171073

146 leafyfresh the Changer (level 5, -1/33 HPs)
             Began as an Octopode Transmuter on Feb 14, 2023.
             Slain by a gnoll
             ... wielding a +0 spear
              (7 damage)
             ... on level 2 of the Dungeon.
             The game lasted 00:05:35 (3482 turns).

leafyfresh the Changer (Octopode Transmuter)        Turns: 3482, Time: 00:05:35

Health: -1/33      AC:  2    Str: 10    XL:     5   Next: 28%
Magic:  16/17      EV: 19    Int: 15    God:
Gold:   103        SH:  0    Dex: 19    Spells: 4/8 levels left

rFire   . . .      SeeInvis .     - Unarmed
rCold   . . .      Faith    .   (shield currently unavailable)
rNeg    . . .      Spirit   .   (helmet currently unavailable)
rPois   x          Reflect  .   (no amulet)
rElec   .          Harm     .   j - ring of magical power
rCorr   .          Rampage  .   (no ring)
Will    .....                   (no ring)
Stlth   ++........              (no ring)
HPRegen 0.11/turn               (no ring)
MPRegen 0.15/turn               (no ring)
                                (no ring)
                                (no ring)

@: spider-form (expiring)
A: venomous fangs, almost no armour, (amphibious), 8 rings, tiny, (camouflage
1), (gelatinous body 1), (nimble swimmer 1), (tentacles)
a: End Transformation


You were on level 2 of the Dungeon.
You were a venomous arachnid creature.
You visited 1 branch of the dungeon, and saw 2 of its levels.

You collected 103 gold pieces.

Inventory:

Hand Weapons
 b - a +0 dagger (melded)
Jewellery
 j - a ring of magical power (left front leg)
Wands
 k - a wand of flame (9)
Scrolls
 c - a scroll of amnesia {unknown}
 e - 2 scrolls of enchant weapon {unknown}
 f - a scroll of poison {unknown}
 h - a scroll of magic mapping {unknown}
Potions
 a - a potion of lignification
 d - a potion of curing {unknown}
 g - a potion of berserk rage {unknown}
 i - a potion of brilliance {unknown}


   Skills:
 - Level 1.0 Fighting
 - Level 2.0 Dodging
 - Level 3.0 Unarmed Combat
 - Level 2.0 Spellcasting
 + Level 5.3 Transmutations


You had 4 spell levels left.
You knew the following spells:

 Your Spells              Type           Power      Damage    Failure   Level
a - Beastly Appendage     Tmut           34%        N/A       10%         1
b - Spider Form           Tmut/Pois      9%         N/A       43%         3

Your spell library contained the following spells:

 Spells                   Type           Power      Damage    Failure   Level
 Wereblood                Tmut           17%        N/A       12%         2
 Ice Form                 Ice/Tmut       9%         N/A       78%         4


Dungeon Overview and Level Annotations

Branches:
Dungeon (2/15)

Altars:


Innate Abilities, Weirdness & Mutations

You are a venomous arachnid creature.
You have poisonous fangs.
You are tiny and dextrous.
Your spellcasting is less reliable in this form.
Your armour is entirely melded.
You are incapable of wielding weapons or throwing items.
You cannot wear most types of armour.
((You are amphibious.))
You can wear up to eight rings at the same time.
((Your skin changes colour to match your surroundings (Stealth+).))
((Your rubbery body absorbs attacks. (AC +1, EV +1)))
((You are camouflaged when in or above water. (Stealth+)))
((You have tentacles for arms and can constrict up to eight enemies at once.))


Message History

The gnoll shouts!
You hit the frilled lizard.
You kill the frilled lizard!
Your transformation is almost over.
The hobgoblin closely misses you.
Items here: ! ) ?? †.
You hit the hobgoblin.
The hobgoblin is poisoned.
The hobgoblin is moderately wounded.
The hobgoblin closely misses you.
You hit the hobgoblin.
You kill the hobgoblin!
The gnoll hits you from afar with a +0 spear.
The gnoll hits you with a +0 spear!
You are too injured to fight recklessly!
You are too injured to fight recklessly!
You are too injured to fight recklessly!
You are too injured to fight recklessly!
You are too injured to fight recklessly!
You are too injured to fight recklessly!
You are too injured to fight recklessly!
You are too injured to fight recklessly!
The endoplasm quivers.
You hit the gnoll.
The gnoll is poisoned.
The gnoll is moderately wounded.
The gnoll hits you with a +0 spear.
You barely miss the gnoll.
The gnoll is moderately wounded.
The gnoll hits you with a +0 spear.
* * * LOW HITPOINT WARNING * * *
You hit the gnoll but do no damage.
The gnoll looks as sick as possible!
The gnoll is moderately wounded.
The gnoll barely misses you.
You hit the gnoll.
The gnoll looks as sick as possible!
The gnoll is moderately wounded.
The gnoll hits you with a +0 spear.
* * * LOW HITPOINT WARNING * * *
You hit the gnoll but do no damage.
The gnoll looks as sick as possible!
The gnoll is heavily wounded.
The gnoll hits you with a +0 spear!
You die...

....... #.......J
##........# #...........
. ####............ ...##
...............
......#####J..........#.
#.......)sg...........#
#.....#######..........
#.### ##......##
#.......#.# #..........
#......#...
##......##..###
#........).....
######..............


You could see a gnoll (extremely poisoned) and an endoplasm.

Vanquished Creatures
  Natasha (thrice) (D:2)
  An adder (D:2)
  2 gnolls (D:2)
  3 worms (D:2)
  2 ball pythons (D:1)
  2 bats
  5 endoplasms
  4 giant cockroaches (D:1)
  2 goblins
  3 hobgoblins
  3 kobolds
  A quokka (D:2)
  4 frilled lizards
  2 rats (D:1)
37 creatures vanquished.

Notes
Turn   | Place    | Note
-------+----------+-------------------------------------------
     0 | D:1      | leafyfresh the Octopode Transmuter began the quest for the
                  | Orb.
     0 | D:1      | Reached XP level 1. HP: 13/13 MP: 3/3
   408 | D:1      | Reached XP level 2. HP: 18/18 MP: 5/5
   702 | D:1      | Reached skill level 3 in Transmutations
  1228 | D:2      | Reached XP level 3. HP: 8/23 MP: 4/6
  1626 | D:1      | Learned a level 3 spell: Spider Form
  1700 | D:2      | Noticed Natasha
  1795 | D:2      | Killed Natasha
  1796 | D:2      | Reached skill level 4 in Transmutations
  1796 | D:2      | Reached XP level 4. HP: 5/28 MP: 1/7
  2511 | D:2      | Noticed Natasha
  2520 | D:2      | Killed Natasha
  3045 | D:2      | Noticed Natasha
  3056 | D:2      | Killed Natasha
  3057 | D:2      | Reached skill level 5 in Transmutations
  3057 | D:2      | Reached XP level 5. HP: 8/33 MP: 8/8
  3482 | D:2      | Slain by a gnoll

Illustrated notes

Levels and vault maps discovered:
D:1:      nzn_arrival_depleted_hourglass, layout_loops_ring,
          minmay_misc_feat_square
D:2:      layout_rooms, minmay_statues_item, uniq_natasha

Skill      XL: |  1  2  3  4 |
---------------+-------------+-----
Transmutations | 3 4 5 |  5.3
Fighting       | |  1.0
Dodging        | |  2.0
Unarmed Combat | |  3.0
Spellcasting   | |  2.0

Action                   |  1- 3 |  4- 6 || total
-------------------------+-------+-------++-------
Melee: Dagger            |    56 |    22 ||    78
       Tentacles         |    10 |     3 ||    13
       Unarmed           |    14 |    28 ||    42
       Constrict         |    12 |     2 ||    14
       Kick              |     2 |       ||     2
       Punch             |     1 |     1 ||     2
 Cast: Beastly Appendage |     2 |       ||     2
       Spider Form       |     2 |     6 ||     8
  Use: Potion            |       |     1 ||     1
 Stab: Sleeping          |     8 |     1 ||     9
Armor: Skin              |     5 |     6 ||    11
Dodge: Dodged            |    36 |    19 ||    55
